Map: Deathaura LE

Players

Vindicta

  • Race: Terran Terran
  • League: Grandmaster
  • Spawn Location: 11:00

Neeb - Winner!

  • Race: Protoss Protoss
  • League: Master
  • Spawn Location: 5:00

Event: DreamHack SC2 Masters 2020 Fall

VOD

Have the link to the VOD?

Description

Time

  • Played on: Sept. 3, 2020, 3:56 p.m.
  • Length: 10:21

All games in this series

Show
View Real Time Build Order
Export as new Build Order

Vindicta Terran 

Build Orders: Reaper Expand 

Get SALT Encoding   

  12  0:00  SCV  
  13  0:12  SCV  
  14  0:17  Supply Depot  
  14  0:24  SCV  
  15  0:38  SCV  
  15  0:40  Barracks  
  16  0:43  Refinery  
  16  0:50  SCV  
  17  1:03  SCV  
  18  1:15  SCV  
  19  1:27  Reaper, Orbital Command  
  20  1:41  Command Center  
  20  1:52  Supply Depot  
  20  1:53  SCV  
  21  2:00  Barracks Reactor  
  21  2:05  SCV  
  22  2:11  Barracks  
  22  2:17  SCV  
  22  2:19  Refinery  
  23  2:29  SCV  
  24  2:37  Marine x2  
  24  2:41  SCV  
  27  2:51  Factory  
  27  2:54  SCV, Marine x2  
  27  2:55  Orbital Command  
  30  2:59  Barracks Tech Lab  
  30  3:06  SCV  
  30  3:12  Marine x2  
  31  3:18  SCV  
  33  3:21  Stimpack, Marauder  
  36  3:30  SCV  
  36  3:32  Marine x2  
  36  3:33  Supply Depot  
  39  3:38  Starport  
  39  3:39  Factory Tech Lab  
  39  3:41  SCV  
  39  3:43  SCV  
  39  3:46  Marine  
  41  3:50  Marine  
  41  3:54  SCV  
  43  3:57  Marine  
  43  4:02  Siege Tank  
  46  4:06  SCV  
  46  4:08  SCV  
  45  4:17  Marine x2  
  45  4:18  Marine  
  45  4:19  SCV  
  50  4:27  Supply Depot  
  50  4:28  SCV  
  50  4:31  Engineering Bay  
  51  4:38  Siege Tank  
  53  4:48  Marine x2  
  53  4:50  SCV  
  53  4:51  SCV, Medivac  
  60  5:02  SCV, Supply Depot  
  60  5:03  SCV  
  60  5:06  Marine  
  61  5:11  Combat Shield  
  61  5:12  Marine  
  61  5:14  SCV  
  61  5:15  SCV  
  64  5:24  Marine  
  64  5:25  Refinery  
  64  5:26  SCV  
  64  5:27  SCV  
  66  5:30  Marine  
  66  5:32  Marine  
  65  5:38  SCV, Siege Tank  
  65  5:39  SCV  
  65  5:42  Marine  
  71  5:48  Marine  
  71  5:50  SCV, Supply Depot, Marine  
  71  5:51  SCV  
  70  5:58  Medivac  
  70  5:59  Marine  
  70  6:03  SCV x2  
  73  6:06  Marine  
  73  6:08  Marine  
  74  6:14  Supply Depot, Terran Infantry Weapons Level 1  
  74  6:15  SCV x2  
  74  6:17  Marine  
  77  6:19  Missile Turret  
  77  6:24  Marine  
  70  6:29  Marine  
  70  6:30  Starport Reactor, Refinery  
  70  6:35  Marine  
  70  6:38  SCV  
  70  6:39  Concussive Shells  
  70  6:41  Siege Tank  
  70  6:42  Marine  
  70  6:43  SCV  
  70  6:44  Barracks  
  75  6:50  SCV  
  75  6:51  Marauder  
  75  6:53  Marine  
  79  7:01  Marine  
  74  7:02  Command Center  
  74  7:05  SCV  
  72  7:11  Marine  
  72  7:12  Marine  
  74  7:16  SCV  
  74  7:17  SCV  
  74  7:19  Marine  
  74  7:22  Medivac, Barracks x2  
  76  7:23  Medivac  
  76  7:28  SCV, Factory Reactor  
  76  7:29  SCV, Marine x2  
  82  7:40  Supply Depot  
  82  7:41  Marine  
  82  7:45  SCV  
  82  7:48  Marauder  
  82  7:52  Marine  
  82  7:53  Marauder  
  82  7:58  Liberator x2  
  85  7:59  Marine  
  85  8:01  SCV  
  85  8:02  SCV  
  91  8:07  Widow Mine  
  91  8:08  Widow Mine, Terran Infantry Armor Level 1  
  91  8:09  Marauder  
  91  8:10  Marine  
  98  8:13  SCV  
  98  8:16  SCV  
  98  8:19  Marauder  
  102  8:20  Marine  
  102  8:21  Barracks Tech Lab  
  102  8:22  Barracks Reactor  
  102  8:25  SCV  
  104  8:28  SCV, Marine  
  104  8:29  Widow Mine  
  104  8:31  Marine  
  104  8:32  Widow Mine  
  105  8:37  SCV  
  105  8:40  Orbital Command  
  105  8:41  Medivac x2  
  108  8:43  Ghost Academy, Marine  
  112  8:49  SCV  
  112  8:51  Supply Depot, Refinery x2  
  112  8:52  SCV  
  112  8:54  Marine  
  114  8:57  Marauder  
  114  8:58  Marine  
  117  9:09  Supply Depot  
  117  9:10  Supply Depot  
  117  9:13  SCV x2, Widow Mine x2  
  117  9:15  Ghost  
  123  9:19  Ghost  
  123  9:21  SCV  
  123  9:24  Marine  
  122  9:25  SCV, Marine  
  122  9:26  Marine  
  124  9:32  Marine  
  122  9:39  Viking  
  122  9:40  Viking, Ghost  
  122  9:43  Starport  
  126  9:46  Ghost  
  126  9:51  Marine  
  126  9:52  Marine x2  
  131  9:54  Marine x2  
Show
View Real Time Build Order
Export as new Build Order

Neeb Protoss - Winner!

Build Orders: 1 Gate Expand, Oracle Opening 

Get SALT Encoding   

  12  0:00  Probe  
  13  0:12  Probe  
  14  0:17  Pylon  
  14  0:24  Probe  
  14  0:27  Assimilator  
  15  0:36  Probe (Chrono Boost)  
  15  0:42  Gateway  
  16  0:47  Probe (Chrono Boost)  
  17  0:52  Probe (Chrono Boost)  
  18  1:03  Probe  
  19  1:15  Probe  
  20  1:22  Nexus  
  20  1:32  Cybernetics Core  
  20  1:34  Probe  
  21  1:41  Assimilator  
  21  1:46  Probe  
  22  1:51  Pylon  
  22  1:58  Probe (Chrono Boost)  
  23  2:07  Stalker (Chrono Boost)  
  23  2:09  Probe (Chrono Boost)  
  26  2:16  Probe  
  26  2:17  Stargate  
  27  2:28  Warp Gate  
  28  2:32  Probe (Chrono Boost)  
  28  2:33  Shield Battery  
  28  2:34  Probe (Chrono Boost)  
  29  2:43  Probe (Chrono Boost)  
  31  2:44  Probe (Chrono Boost)  
  31  2:45  Adept  
  31  2:48  Probe (Chrono Boost)  
  34  2:53  Probe  
  35  3:00  Probe, Oracle (Chrono Boost)  
  35  3:05  Pylon  
  39  3:06  Probe  
  39  3:12  Probe  
  41  3:18  Probe  
  42  3:23  Twilight Council  
  42  3:24  Probe  
  43  3:27  Gateway  
  43  3:29  Gateway  
  43  3:31  Probe  
  44  3:35  Shield Battery  
  44  3:37  Probe  
  45  3:43  Probe  
  45  3:45  Assimilator  
  45  3:48  Pylon  
  46  3:49  Probe  
  46  3:55  Probe  
  48  4:01  Probe  
  49  4:03  Blink (Chrono Boost)  
  49  4:07  Probe  
  50  4:13  Probe  
  51  4:19  Probe  
  51  4:23  Stalker x3, Pylon  
  58  4:25  Probe  
  59  4:31  Nexus  
  59  4:34  Pylon  
  59  4:40  Robotics Facility  
  59  4:46  Stalker x2  
  59  4:50  Stalker  
  67  5:04  Assimilator  
  67  5:06  Gateway  
  65  5:09  Gateway  
  65  5:11  Stalker, Sentry  
  65  5:14  Probe x2  
  71  5:19  Shield Battery  
  71  5:20  Pylon  
  71  5:21  Stalker  
  71  5:26  Probe  
  71  5:27  Probe  
  75  5:36  Stalker  
  75  5:38  Probe  
  75  5:39  Probe  
  75  5:40  Robotics Bay  
  79  5:44  Probe  
  79  5:46  Zealot x2  
  84  5:50  Probe  
  84  5:53  Immortal (Chrono Boost)  
  83  6:06  Probe  
  83  6:08  Stalker  
  83  6:09  Stalker x2  
  88  6:12  Stalker  
  88  6:13  Stalker  
  88  6:17  Probe x2  
  94  6:23  Probe  
  90  6:29  Probe  
  90  6:31  Probe  
  92  6:33  Colossus (Chrono Boost)  
  92  6:35  Probe  
  99  6:41  Probe  
  99  6:43  Probe  
  101  6:51  Extended Thermal Lance  
  101  6:54  Pylon  
  101  6:55  Pylon, Forge  
  101  6:57  Pylon  
  101  6:58  Nexus  
  101  6:59  Pylon  
  101  7:00  Probe x2, Forge  
  101  7:08  Pylon  
  101  7:13  Stalker  
  101  7:14  Stalker x3  
  109  7:19  Probe x3  
  109  7:21  Colossus (Chrono Boost)  
  112  7:27  Pylon  
  118  7:31  Probe x2  
  118  7:36  Charge  
  120  7:37  Probe  
  120  7:41  Pylon  
  121  7:53  Probe  
  121  7:54  Probe  
  121  7:57  Gateway  
  121  7:59  Probe  
  121  8:00  Gateway  
  121  8:02  Sentry, Zealot, Gateway  
  121  8:03  Shield Battery, Zealot x3, Photon Cannon  
  121  8:04  Templar Archives  
  132  8:08  Warp Prism  
  132  8:12  Protoss Ground Weapons Level 1 (Chrono Boost)  
  134  8:14  Protoss Ground Armor Level 1 (Chrono Boost)  
  134  8:19  Probe x2  
  136  8:25  Assimilator x2  
  136  8:26  Zealot x5  
  144  8:38  Probe x3  
  143  8:48  Gravitic Drive  
  143  8:54  Gateway  
  143  9:00  Zealot x4  
  143  9:01  Zealot x4, Gateway  
  143  9:02  Gateway  
  157  9:04  Gateway  
  157  9:07  Photon Cannon  
  157  9:08  Photon Cannon  
  157  9:10  Photon Cannon  
  157  9:14  Photon Cannon  
  155  9:21  Stalker x2  
  155  9:22  Stalker x4  
  164  9:39  Pylon  
  164  9:41  Pylon  
  164  9:42  Pylon  
  164  9:43  Pylon  
  164  9:44  Dark Shrine  
  164  9:45  Robotics Facility  
  164  9:53  Zealot x4  
  164  9:58  Zealot x4  
  164  9:59  Zealot  
  182  10:01  Nexus  
  178  10:11  Zealot x2  
  178  10:12  Zealot  

Tags
 
Add a new tag
Caveats
  • Supply blocks, unpowered buildings, or Contaminate may cause inaccurate times.
  • Supply counts are checked every 10 seconds.